 Dungeon Crawl Stone Soup version 0.30-a0-170-g85af917532 (webtiles) character file.

Game seed: 7950114301126534853

786 IdlyInterested the Cutter (level 7, 0/54 HPs)
             Began as a Demonspawn Gladiator on Sept 30, 2022.
             Slain by an orc
             ... wielding a +0 trident
              (8 damage)
             ... on level 6 of the Dungeon.
             The game lasted 00:13:09 (5547 turns).

IdlyInterested the Cutter (Demonspawn Gladiator)    Turns: 5547, Time: 00:13:10

Health: 0/54       AC:  8    Str: 14    XL:     7   Next: 56%
Magic:  11/11      EV:  9    Int: 10    God:
Gold:   220        SH:  0    Dex: 23    Spells: 8/11 levels left

rFire   . . .      SeeInvis .    a - +0 long sword
rCold   . . .      Faith    .    i - +0 kite shield
rNeg    . . .      Spirit   .    k - +1 scale mail of Vanity {Dex+7}
rPois   .          Reflect  .    c - +0 helmet
rElec   .          Harm     .    (cloak unavailable)
rCorr   .          Rampage  .    (no gloves)
Will    .....                    (no boots)
Stlth   ..........               (no amulet)
HPRegen 1.18/turn                (no ring)
MPRegen 0.12/turn                (no ring)

@: confused, ambrosia-drunk, weakened
A: powered by death 1, demonic magic 1, weakness stinger 3
a: no special abilities


You were on level 6 of the Dungeon.
You visited 1 branch of the dungeon, and saw 6 of its levels.

You collected 220 gold pieces.

Inventory:

Hand Weapons
 a - a +0 long sword (weapon)
 m - a +0 dagger
 t - the +4 hand axe "Roucveih" {vorpal, Fly rN++}
   (You found it on level 4 of the Dungeon)

   It inflicts extra damage upon your enemies.
   rN:        It greatly protects you from negative energy.
   Fly:       It grants you flight.
 x - a +0 short sword
Missiles
 d - 3 throwing nets
 e - a javelin
 q - 4 poisoned darts
 s - 2 boomerangs (quivered)
Armour
 c - a +0 helmet (worn)
 h - a +1 ring mail
 i - a +0 kite shield (worn)
 k - the +1 scale mail of Vanity (worn) {Dex+7}
   (You found it on level 4 of the Dungeon)

   Dex:       It affects your dexterity (+7).
 n - the +0 ring mail "Hiset" {rF+ rCorr Int+3}
   (You found it on level 3 of the Dungeon)

   Int:       It affects your intelligence (+3).
   rF:        It protects you from fire.
   rCorr:     It protects you from acid and corrosion.
 p - the +0 leather armour of Duty {Fly rC+ Will+}
   (You found it on level 4 of the Dungeon)

   rC:        It protects you from cold.
   Fly:       It grants you flight.
   Will:      It increases your willpower.
Wands
 f - a wand of roots (17)
Scrolls
 v - a scroll of immolation
 w - a scroll of magic mapping
Potions
 b - 3 potions of lignification
 g - a potion of invisibility
 j - a potion of mutation {unknown}
 o - a potion of curing
 r - a potion of brilliance {unknown}
Miscellaneous
 u - a piece from Xom's chessboard (15/15)


   Skills:
 - Level 4.0 Fighting
 * Level 4.5(4.9) Short Blades
 - Level 3.0(4.2) Long Blades
 - Level 2.0 Throwing
 - Level 1.0 Armour
 - Level 3.0 Dodging
 + Level 2.4 Stealth
 * Level 2.9 Spellcasting
 - Level 2.0 Evocations


You had 8 spell levels left.
You knew the following spells:

 Your Spells              Type           Power      Damage    Failure   Level
a - Mephitic Cloud        Conj/Pois/Air  1%         N/A       100%        3

Your spell library contained the following spells:

 Spells                   Type           Power      Damage    Failure   Level
 Gell's Gravitas          Tloc           1%         N/A       100%        3
 Ignite Poison            Fire/Tmut/Pois 1%         N/A       100%        3
 Kindle Blastsparks       Fire/Tloc/Air  2%         2d10      100%        3
 Lesser Beckoning         Tloc           1%         N/A       100%        3
 Teleport Other           Tloc           1%         N/A       100%        3
 Freezing Cloud           Conj/Ice/Air   0%         6-21      100%        5


Dungeon Overview and Level Annotations

Branches:
Dungeon (6/15)
 Temple: D:4-7

Altars:
Kikubaaqudgha
Okawaru


Innate Abilities, Weirdness & Mutations

You regenerate a little health from kills.
Spells you cast may paralyse adjacent enemies.
You have a sharp stinger which inflicts weakening toxins.


Message History

You block the orc's attack. Something hits you. Something shocks you.
The orc barely misses you.
You hear a shout!
Press: ? - help, v - describe, . - travel
Here: an orc, wielding a +0 club and wearing a +0 scale mail (severely wounded, weak)
The floor.
You slash the orc!
You kill the orc!
The gnoll bouda gazes fiercely through you!
You feel your attacks grow feeble. Something hits you. Something shocks you.
* * * LOW HITPOINT WARNING * * *
The orc barely misses you.
You slash the orc!
You kill the orc!
A sky beast appears from thin air!
Reactivating autopickup.
The sky beast hits you.
* * * LOW HITPOINT WARNING * * *
The sky beast shocks you.
* * * LOW HITPOINT WARNING * * *
The orc barely misses you.
A gnoll comes into view. It is wielding a +0 flail.
You are confused.
You feel invigorated.
The sky beast flickers out of sight!
Deactivating autopickup; reactivate with Ctrl-A.
Something hits you.
* * * LOW HITPOINT WARNING * * *
Something shocks you.
* * * LOW HITPOINT WARNING * * *
The orc hits you but does no damage.
A gnoll comes into view. It is wielding a +0 whip.
The gnoll shouts!
You hit something but do no damage. Something hits you.
* * * LOW HITPOINT WARNING * * *
Something shocks you.
* * * LOW HITPOINT WARNING * * *
The orc barely misses you.
The orc hits you from afar with a +0 trident!
You die...

.###.!.##.......
o#.....>#.......
##......#.......
........#.....
........#...
........#.#
.(....g.<.#
##:###.### #{@#
#...g## ......o
....... .......
....... .......
.......


You could see a gnoll bouda, a gnoll (swift) and an orc.

Vanquished Creatures
  A black bear (D:5)
  3 ogres (D:5)
  The ghost of Juicyj the Stinger, an amateur DsVM (D:4)
  2 necrophages (D:5)
  A jelly (D:5)
  An orc priest (D:5)
  An iguana (D:4)
  5 adders
  3 gnolls (D:3)
  A shadow imp (D:5)
  A white imp (D:5)
  An ufetubus (D:5)
  2 worms
  14 orcs
  4 bats
  5 endoplasms
  4 giant cockroaches
  4 goblins
  3 hobgoblins
  6 jackals
  A quokka (D:1)
  6 ball pythons
  2 frilled lizards
  3 kobolds
  4 rats
79 creatures vanquished.

Notes
Turn   | Place    | Note
-------+----------+-------------------------------------------
     0 | D:1      | IdlyInterested the Demonspawn Gladiator began the quest for
                  | the Orb.
     0 | D:1      | Reached XP level 1. HP: 16/16 MP: 1/1
   208 | D:1      | Gained mutation: You have a small tail. [demonic ancestry]
   208 | D:1      | Reached XP level 2. HP: 21/22 MP: 2/2
   221 | D:1      | Found a faded altar of an unknown god.
  1114 | D:2      | Gained mutation: Spells you cast may paralyse adjacent
                  | enemies. [demonic ancestry]
  1114 | D:2      | Reached XP level 3. HP: 24/28 MP: 3/3
  1932 | D:3      | Identified the +0 ring mail "Hiset" {rF+ rCorr Int+3}
  2027 | D:3      | Reached skill level 1 in Armour
  2323 | D:3      | Reached skill level 1 in Short Blades
  2323 | D:3      | Gained mutation: You have a tail ending in a sharp stinger.
                  | [demonic ancestry]
  2323 | D:3      | Reached XP level 4. HP: 13/35 MP: 4/4
  3177 | D:4      | Identified the +1 scale mail of Vanity {Dex+7}
  3195 | D:4      | Identified the +0 leather armour of Duty {Fly rC+ Will+}
  3574 | D:4      | Found a runed translucent door.
  3575 | D:4      | Noticed Juicyj's ghost (amateur DsVM)
  3596 | D:4      | Reached skill level 1 in Evocations
  3596 | D:4      | Reached XP level 5. HP: 12/41 MP: 5/5
  3901 | D:4      | Found an iron altar of Okawaru.
  4181 | D:4      | Killed Juicyj's ghost
  4197 | D:4      | Identified the +4 hand axe "Roucveih" {vorpal, Fly rN++}
  4312 | D:5      | Entered Level 5 of the Dungeon
  4589 | D:5      | Noticed an ogre
  4595 | D:5      | Killed an ogre
  4596 | D:5      | Gained mutation: You regenerate a little health from kills.
                  | [demonic ancestry]
  4596 | D:5      | Reached XP level 6. HP: 38/48 MP: 6/6
  4599 | D:5      | Reached skill level 1 in Stealth
  4726 | D:5      | Reached skill level 1 in Spellcasting
  4990 | D:5      | Found an ancient bone altar of Kikubaaqudgha.
  5006 | D:5      | Gained mutation: You have a sharp stinger which inflicts
                  | weakening toxins. [demonic ancestry]
  5006 | D:5      | Reached XP level 7. HP: 49/54 MP: 9/9
  5474 | D:5      | Learned a level 3 spell: Mephitic Cloud
  5547 | D:6      | Slain by an orc

Illustrated notes

Levels and vault maps discovered:
D:1:      roderic_octagonal_star, layout_rooms,
          ebering_ecumenical_altar_sacrificial
D:2:      layout_rooms, minivault_25
D:3:      layout_basic, kennysheep_flooded_box, minmay_increasing_density
D:4:      layout_gridville, nicolae_overflow_squiral, ebering_ghost_inner_flame
D:5:      layout_rooms, nicolae_kikubaaqudgha_miasma_corner, nrook_mini_vaults
D:6:      layout_rooms, minmay_temple_entry_proselytizer,
          minmay_a_box_with_orc_wizards_in_it

Skill      XL: |  1  2  3  4  5  6  7 |
---------------+----------------------+-----
Dodging        | 3 |  3.0
Throwing       | 2 |  2.0
Long Blades    | 3 |  3.0
Fighting       | 3 4 |  4.0
Armour         | 1 |  1.0
Short Blades   | 1 2 3 4 |  4.5
Evocations     | 1 2 |  2.0
Stealth        | 1 2 |  2.4
Spellcasting   | 1 2 |  2.9

Action                   |  1- 3 |  4- 6 |  7- 9 || total
-------------------------+-------+-------+-------++-------
Melee: Long sword        |   102 |   102 |    40 ||   244
       Tailslap          |     8 |    11 |     9 ||    28
Throw: Boomerang         |       |     3 |       ||     3
Evoke: Wand              |       |     2 |       ||     2
  Use: Scroll            |     5 |     3 |       ||     8
       Potion            |       |     4 |     1 ||     5
 Stab: Sleeping          |     3 |       |       ||     3
Armor: Leather armour    |     8 |       |       ||     8
       Ring mail         |    43 |    16 |       ||    59
       Scale mail        |       |    27 |    17 ||    44
Dodge: Dodged            |    69 |    48 |    17 ||   134
Block: Kite shield       |    26 |    59 |    30 ||   115

Table legend: (Time is in decaauts)
 A = Elapsed time spent in this place.
 B = Non-inter-level travel time spent in this place.
 C = Inter-level travel time spent in this place.
 D = Time resting spent in this place.
 E = Time spent auto-exploring this place.
 F = Levels seen in this place.
 G = Mean time per level.
                   A        B        C        D        E       F      G
               +--------+--------+--------+--------+--------+-----+--------+
         Total |   5649 |   4756 |    893 |    924 |   2902 |   6 |  941.5 |
       Dungeon |   5649 |   4756 |    893 |    924 |   2902 |   6 |  941.5 |
               +--------+--------+--------+--------+--------+-----+--------+

Top non-repeatable levels by time:
     D:3: 1768 daAuts
     D:4: 1518 daAuts
     D:5: 933 daAuts
     D:1: 722 daAuts
     D:2: 681 daAuts
     D:6: 23 daAuts
